 Dungeon Crawl Stone Soup version 0.30-a0-672-gc3a7216ad8 (webtiles) character file.

Game seed: 8062096666420704564

15850 Dittersdorf the Fighter (level 12, -5/80 HPs)
             Began as a Gargoyle Fighter on Jan 18, 2023.
             Was an Elder of Okawaru.
             Shot with a bolt by an orc (8 damage)
             ... on level 1 of the Orcish Mines.
             The game lasted 00:23:08 (18168 turns).

Dittersdorf the Fighter (Gargoyle Fighter)         Turns: 18168, Time: 00:23:08

Health: -5/80      AC: 28    Str: 31    XL:     12   Next: 31%
Magic:  12/12      EV: 13    Int:  9    God:    Okawaru [****..]
Gold:   806        SH:  6    Dex:  9    Spells: 9/11 levels left

rFire   . . .      SeeInvis .    b - +1 flail of the Bear {elec, rN+}
rCold   . . .      Faith    .    c - +0 buckler
rNeg    + + .      Spirit   .    x - +0 plate armour
rPois   ∞          Reflect  .    (no helmet)
rElec   +          Harm     .    r - +0 cloak
rCorr   .          Rampage  .    y - +2 pair of gloves {Stlth+}
Will    .....                    (no boots) Stlth
                                 (no amulet)
HPRegen 0.33/turn                q - +5 ring of evasion
MPRegen 0.13/turn                s - +6 ring of strength

@: no status effects
A: sickness immunity, AC +8, negative energy resistance 1, electricity
resistance, torment resistance 1, petrification resistance
a: Renounce Religion, Heroism, Finesse


You were on level 1 of the Orcish Mines.
You worshipped Okawaru.
Okawaru was greatly pleased with you.
You visited 3 branches of the dungeon, and saw 14 of its levels.

You collected 1254 gold pieces.
You spent 448 gold pieces at shops.

Inventory:

Hand Weapons
 b - the +1 flail of the Bear (weapon) {elec, rN+}
   (You bought it in a shop on level 9 of the Dungeon)

   rN:        It protects you from negative energy.
 E - a +0 morningstar
Missiles
 o - 19 poisoned darts (quivered)
 z - a curare-tipped dart
Armour
 c - a +0 buckler (worn)
 r - a +0 cloak (worn)
 x - a +0 plate armour (worn)
 y - a +2 pair of gloves of stealth (worn)
Jewellery
 q - a +5 ring of evasion (left hand)
 s - a +6 ring of strength (right hand)
 B - a ring of ice
Wands
 e - a wand of flame (8)
 A - a wand of digging (3)
 C - a wand of light (5)
Scrolls
 a - 2 scrolls of fear
 g - a scroll of enchant weapon
 i - 2 scrolls of enchant armour
 l - 2 scrolls of poison
 m - 3 scrolls of teleportation
 u - a scroll of blinking
 w - 3 scrolls of identify
Potions
 d - 2 potions of might
 f - 3 potions of heal wounds
 h - 4 potions of curing
 j - 3 potions of ambrosia
 k - a potion of flight
 n - 4 potions of haste
 p - 2 potions of invisibility
 t - 3 potions of mutation
 v - 3 potions of magic
 D - a potion of berserk rage {unknown}


   Skills:
 + Level 11.4 Fighting
 + Level 10.2 Maces & Flails
 + Level 11.3 Armour
 + Level 11.4 Shields


You had 9 spell levels left.
You knew the following spells:

 Your Spells              Type           Power      Damage    Failure   Level
a - Blink                 Tloc           0%         N/A       99%         2

Your spell library contained the following spells:

 Spells                   Type           Power      Damage    Failure   Level
 Freeze                   Ice            0%         1d3       97%         1
 Lesser Beckoning         Tloc           0%         N/A       99%         2
 Momentum Strike          Conj/Tloc      0%         3d8       99%         2
 Dazzling Flash           Conj/Hex       0%         N/A       100%        3
 Frozen Ramparts          Ice            0%         1d1       100%        3
 Gell's Gravitas          Tloc           0%         N/A       100%        3
 Hailstorm                Conj/Ice       0%         3d3       100%        3
 Portal Projectile        Hex/Tloc       0%         N/A       100%        3
 Teleport Other           Tloc           0%         N/A       100%        3
 Ice Form                 Ice/Tmut       0%         N/A       100%        4
 Leda's Liquefaction      Hex/Erth       0%         N/A       100%        4
 Passage of Golubria      Tloc           0%         N/A       100%        4
 Agony                    Necr           0%         N/A       100%        5
 Silence                  Hex/Air        0%         N/A       100%        5
 Yara's Violent Unravell  Hex/Tmut       0%         3d3       100%        5
 Storm Form               Tmut/Air       0%         N/A       100%        7
 Maxwell's Capacitive Co  Air            0%         ∞         100%        8
 Call Canine Familiar     Summ           Unusable   N/A       N/A         3
 Tukima's Dance           Hex            Unusable   N/A       N/A         3
 Summon Ice Beast         Ice/Summ       Unusable   N/A       N/A         4
 Summon Lightning Spire   Summ/Air       Unusable   N/A       N/A         4

Dungeon Overview and Level Annotations

Branches:
Dungeon (11/15)            Temple (1/1) D:7            Lair (0/5) D:11
    Orc (2/2) D:11
    Elf: Orc:2

Altars:
Ashenzari
Cheibriados
Dithmenos
Elyvilon
Fedhas
Gozag
Hepliaklqana
Kikubaaqudgha
Makhleb
Nemelex Xobeh
Okawaru
Qazlal
Ru
Sif Muna
Trog
Uskayaw
Vehumet
Wu Jian
Xom
Yredelemnul
Zin
The Shining One

Shops:
D:9 *   Orc:1 =


Innate Abilities, Weirdness & Mutations

You are immune to sickness and miasma.
Your stone body is resilient. (AC +8)
You are immune to poison.
You resist negative energy. (rN+)
You are resistant to electric shocks. (rElec)
You are resistant to unholy torment.
You are immune to petrification.


Message History

No target in view!
No target in view!
No target in view!
No target in view!
No target in view!
No target in view!
You start resting.
HP restored.
You climb downwards.
The orc priest mumbles some strange prayers to Beogh against you.
Beogh smites you!
The orc unwields a +4 arbalest.
The orc wields a +0 trident.
The orc barely misses you.
The orc knight roars a battlecry!
The orcs go into a battle-frenzy!
The orc warrior unwields a +0 arbalest.
The orc warrior wields a +0 glaive.
The orc warrior misses you.
The orc priest calls down the wrath of Beogh upon you.
Beogh smites you!
The orc wizard gestures wildly while chanting.
The orc wizard flickers and vanishes!
Deactivating autopickup; reactivate with Ctrl-A.
The orc knight shoots a bolt.
The bolt hits you.
The orc priest mumbles some strange prayers to Beogh against you.
Beogh smites you!
An orc warrior comes into view. It is wielding a +0 battleaxe.
There is a stone staircase leading up here.
The orc warrior hits you with a +0 glaive!!
* * * LOW HITPOINT WARNING * * *
The orc knight shoots a bolt.
The bolt hits you but does no damage.
You climb upwards.
Reactivating autopickup.
There is a stone staircase leading down here.
The orc hits you with a +0 trident.
* * * LOW HITPOINT WARNING * * *
The orc warrior hits you from afar with a +0 glaive.
* * * LOW HITPOINT WARNING * * *
You see here a +0 shortbow.
The orc unwields a +0 trident.
The orc wields a +4 arbalest.
The orc shoots a bolt.
The bolt hits you!
You die...

##.....)..# ##### ###
#.........###..## ##.##
#...#....###....## #...#
##.......####....####.##
##.........##...#.###.##
#......................##
##..#...................#
######...[...............##
##.##........@...........##
#.........oo).#...........#
#.......#.[>[............####
##......#..))).........#..##.##
#..................####.......#
##..#.......)...#..####...##.##
##..#................##...#####
#..........#.._..........##
##..............^........##


You could see an orc warrior (strong) and an orc (strong).

Vanquished Creatures
  An orc warlord (Orc:1)
  An ettin (Orc:1)
  Fannar (D:11)
  2 two-headed ogres (D:10)
  Pikel (D:5)
  An ugly thing (D:10)
  2 orc sorcerers (Orc:1)
  A cyclops (D:11)
  An unseen horror (D:11)
  Psyche (D:8)
  2 trolls (Orc:1)
  Prince Ribbit (D:8)
  5 wraiths
  3 yaks (D:10)
  A basilisk (D:11)
  2 wyverns
  3 wargs (D:10)
  Menkaure (D:5)
  3 acid dragons
  2 water moccasins (D:5)
  18 orc warriors
  3 ice beasts
  A black bear (D:5)
  2 sky beasts
  4 ogres
  9 centaurs
  3 kobold brigands
  Blork the orc (D:5)
  4 bullfrogs
  2 necrophages
  4 scorpions
  A gnoll sergeant (D:9)
  6 wights
  25 killer bees
  A howler monkey (D:6)
  Crazy Yiuf (D:5)
  A gnoll bouda (D:6)
  11 orc priests
  5 hounds
  A jelly (D:7)
  2 iguanas
  11 orc wizards
  9 adders
  7 gnolls
  A shadow imp (D:7)
  2 ufetubi
  3 worms
  2 dart slugs
  55 orcs
  5 bats
  4 endoplasms
  2 giant cockroaches
  7 goblins
  8 hobgoblins
  10 jackals
  3 quokkas
  10 ball pythons
  A frilled lizard (D:1)
  17 kobolds
  4 rats
301 creatures vanquished.

Vanquished Creatures (others)
  2 orcs (D:8)
  A plant (D:11)
3 creatures vanquished.

Grand Total: 304 creatures vanquished

Notes
Turn   | Place    | Note
-------+----------+-------------------------------------------
     0 | D:1      | Dittersdorf the Gargoyle Fighter began the quest for the
                  | Orb.
     0 | D:1      | Reached XP level 1. HP: 14/14 MP: 1/1
   134 | D:1      | Reached XP level 2. HP: 19/19 MP: 2/2
   656 | D:1      | Reached XP level 3. HP: 23/23 MP: 3/3
   685 | D:2      | Found a radiant altar of Vehumet.
  1004 | D:2      | Reached XP level 4. HP: 29/29 MP: 4/4
  1641 | D:3      | Found a shimmering blue altar of Sif Muna.
  2135 | D:3      | Found a shimmering altar of Xom.
  2162 | D:3      | Found a stormy altar of Qazlal.
  2222 | D:3      | Reached XP level 5. HP: 33/33 MP: 5/5
  2434 | D:3      | Found a broken altar of Ashenzari.
  2885 | D:4      | Reached XP level 6. HP: 37/39 MP: 6/6
  3015 | D:4      | Reached skill level 5 in Fighting
  3015 | D:4      | Reached skill level 5 in Armour
  3015 | D:4      | Reached skill level 5 in Shields
  3019 | D:4      | Reached XP level 7. HP: 42/44 MP: 7/7
  3219 | D:4      | Found a blossoming altar of Fedhas.
  3426 | D:5      | Entered Level 5 of the Dungeon
  3604 | D:5      | Noticed Blork the orc
  3611 | D:5      | Killed Blork the orc
  3654 | D:5      | Found a runed translucent door.
  3655 | D:5      | Noticed Crazy Yiuf
  3945 | D:5      | Noticed Menkaure
  3953 | D:5      | Killed Menkaure
  4150 | D:5      | Reached XP level 8. HP: 35/51 MP: 8/8
  4250 | D:5      | Reached skill level 5 in Maces & Flails
  4657 | D:5      | Noticed Pikel
  4673 | D:5      | Killed Pikel
  4674 | D:5      | Reached XP level 9. HP: 52/57 MP: 9/9
  4880 | D:5      | Killed Crazy Yiuf
  6040 | D:7      | Found a staircase to the Ecumenical Temple.
  6048 | Temple   | Entered the Ecumenical Temple
  6214 | Temple   | Became a worshipper of Warmaster Okawaru
  6981 | D:8      | Noticed Psyche
  6981 | D:8      | Noticed Prince Ribbit
  7050 | D:8      | Killed Psyche
  7050 | D:8      | Reached * piety under Okawaru
  7051 | D:8      | Reached XP level 10. HP: 65/65 MP: 10/10
  7061 | D:8      | Killed Prince Ribbit
  7671 | D:8      | Reached ** piety under Okawaru
  8313 | D:9      | Found Teocif's Assorted Antiques.
  8323 | D:9      | Bought a crude flail for 238 gold pieces
  8323 | D:9      | Identified the +1 flail of the Bear {elec, rN+} (You bought
                  | it in a shop on level 9 of the Dungeon)
  8323 | D:9      | Bought a pair of glowing gloves for 210 gold pieces
  8958 | D:9      | Learned a level 2 spell: Blink
  9022 | D:10     | Entered Level 10 of the Dungeon
  9049 | D:10     | Noticed a two-headed ogre
  9063 | D:10     | Killed a two-headed ogre
  9107 | D:10     | Noticed a purple ugly thing
  9125 | D:10     | Killed a purple ugly thing
  9125 | D:10     | Reached *** piety under Okawaru
  9126 | D:10     | Reached XP level 11. HP: 61/72 MP: 9/11
  9348 | D:10     | Found a radiant altar of Vehumet.
  9665 | D:10     | Noticed a two-headed ogre
  9696 | D:10     | Killed a two-headed ogre
  9697 | D:10     | Reached skill level 10 in Fighting
  9697 | D:10     | Reached skill level 10 in Armour
  9697 | D:10     | Reached skill level 10 in Shields
 10441 | D:11     | Noticed Fannar
 10470 | D:11     | Killed Fannar
 10595 | D:11     | Noticed a cyclops
 10602 | D:11     | Killed a cyclops
 10854 | D:11     | Found a staircase to the Lair.
 11843 | D:11     | Found a staircase to the Orcish Mines.
 12132 | Orc:1    | Entered Level 1 of the Orcish Mines
 12132 | Orc:1    | Found Coaviedd's Jewellery Shop.
 12233 | D:11     | Reached **** piety under Okawaru
 12337 | Orc:1    | Noticed an orc sorcerer
 12356 | Orc:1    | Paralysed by an orc sorcerer for 4 turns
 12358 | Orc:1    | Noticed an orc warlord
 12362 | Orc:1    | Noticed a sun demon
 12365 | Orc:1    | Noticed a sun demon
 16781 | Orc:1    | Killed an orc warlord
 16910 | Orc:1    | Paralysed by an orc sorcerer for 2 turns
 16914 | Orc:1    | Killed an orc sorcerer
 16915 | Orc:1    | Reached XP level 12. HP: 74/80 MP: 9/12
 17313 | Orc:2    | Entered Level 2 of the Orcish Mines
 17313 | Orc:2    | Noticed an ettin
 17327 | Orc:1    | Killed an ettin
 17328 | Orc:1    | Reached skill level 10 in Maces & Flails
 18167 | Orc:1    | HP: 3/80 [orc warrior/+0 glaive (6)]
 18168 | Orc:1    | Shot with a bolt by an orc

Illustrated notes

Levels and vault maps discovered:
D:1:      dpeg_arrival_pits, layout_loops_ring, serial_bayou_pond_c,
          minmay_unequal
D:2:      layout_basic, basic_altar, nrook_mini_vaults, chequers_avenue
D:3:      layout_basic, marbit_many_paths, mainiacjoe_overflow_paths,
          mainiacjoe_overflow_swirl, minivault_24
D:4:      minmay_polygon_palace, layout_basic, lemuel_crystal_altar
D:5:      layout_cave_pods, kennysheep_boxes, uniq_blork_the_orc, uniq_menkaure,
          uniq_crazy_yiuf_cottage, uniq_pikel
D:6:      layout_basic
D:7:      layout_cave_pools, minmay_temple_entry_large_hall, kennysheep_dice
D:8:      nicolae_cairo_tiling_large, layout_basic, uniq_prince_ribbit1,
          uniq_psyche
D:9:      layout_roguey, serial_shops, nicolae_square_shop
D:10:     layout_basic, nicolae_vehumet_radiance
D:11:     layout_loops_cross, erik_lair_orcish_takeover, david_orc_5,
          uniq_fannar
Temple:   minmay_temple_bridge_d
Orc:1:    layout_caves, serial_shops, shop, basic_altar
Orc:2:    st_orc_rangers, layout_caves, serial_shops, shop,
          nicolae_orc_lava_room, uniq_josephine

Skill      XL: |  1  2  3  4  5  6  7  8  9 10 11 12 |
---------------+-------------------------------------+-----
Shields        | 4 5 7 8 9 11 | 11.4
Armour         | 4 5 7 8 9 11 | 11.3
Fighting       | 4 5 7 8 9 11 | 11.4
Maces & Flails | 3 4 5 7 8 9 10 | 10.2

Action                   |  1- 3 |  4- 6 |  7- 9 | 10-12 || total
-------------------------+-------+-------+-------+-------++-------
Melee: Flail             |   120 |   190 |   313 |   732 ||  1355
Throw: Dart              |       |       |    10 |    15 ||    25
Invok: Heroism           |       |       |       |    10 ||    10
  Use: Scroll            |       |    11 |     3 |     8 ||    22
       Potion            |       |       |       |     4 ||     4
Armor: Scale mail        |    55 |    67 |    51 |       ||   173
       Chain mail        |       |       |    96 |     8 ||   104
       Skin              |       |       |     7 |     2 ||     9
       Plate armour      |       |       |       |   498 ||   498
Dodge: Dodged            |    96 |   145 |   224 |   520 ||   985
Block: Buckler           |    33 |    48 |    89 |   243 ||   413

Table legend: (Time is in decaauts)
 A = Elapsed time spent in this place.
 B = Non-inter-level travel time spent in this place.
 C = Inter-level travel time spent in this place.
 D = Time resting spent in this place.
 E = Time spent auto-exploring this place.
 F = Levels seen in this place.
 G = Mean time per level.
                   A        B        C        D        E       F      G
               +--------+--------+--------+--------+--------+-----+--------+
         Total |  18323 |  17558 |    765 |   6699 |   7710 |  14 | 1308.8 |
       Dungeon |  12230 |  11588 |    642 |   1737 |   7346 |  11 | 1111.8 |
        Temple |    267 |    162 |    105 |     74 |     63 |   1 |  267.0 |
  Orcish Mines |   5824 |   5807 |     17 |   4888 |    301 |   2 | 2912.0 |
               +--------+--------+--------+--------+--------+-----+--------+

Top non-repeatable levels by time:
   Orc:1: 5784 daAuts
    D:11: 1678 daAuts
    D:10: 1640 daAuts
     D:5: 1406 daAuts
     D:8: 1343 daAuts
     D:3: 1114 daAuts
     D:6: 1100 daAuts
     D:4: 1011 daAuts
     D:2: 842 daAuts
     D:9: 798 daAuts
     D:1: 711 daAuts
     D:7: 584 daAuts
  Temple: 267 daAuts
   Orc:2: 40 daAuts
